[Event "EIWCC 2017"]
[Site "Riga"]
[Date "2017.04.11"]
[Round "1"]
[White "Savina, Anastasia"]
[Black "Hapala, Elisabeth"]
[Result "1-0"]
[ECO "D17"]
[WhiteElo "2378"]
[BlackElo "2091"]
[Annotator "NA"]
[PlyCount "97"]
[EventDate "2017.??.??"]
[EventType "swiss"]
[EventCountry "LAT"]
[SourceTitle "playchess.com"]
[Source "ChessBase"]
[SourceQuality "1"]
[TimeControl "40/5400+30:1800+30"]

1. d4 d5 2. c4 c6 3. Nf3 Nf6 4. Nc3 dxc4 5. a4 Bf5 6. Ne5 Nbd7 7. Nxc4 Nb6 8. Ne5 a5 9. Bg5 g6 10. e3 Bg7 11. Bd3 Be6 {[%emt 0:14:54] LiveBook: 21 Games} 12. Be2 O-O 13. O-O Nfd5 14. Nd3 $14 f6 15. Bh4 Bf7 16. Ne4 Nd7 17. Rc1 Qb6 18. Nd2 e5 19. Nc4 Qc7 20. e4 N5b6 21. Nxb6 Qxb6 22. dxe5 Nxe5 23. Nxe5 fxe5 24. Qc2 Kh8 25. Be7 Rfe8 26. Bc5 Qc7 27. Bc4 Bxc4 28. Qxc4 Bf8 29. Be3 Rad8 30. h3 Rd7 31. Qb3 Bb4 32. Rcd1 Red8 33. Bg5 Be7 34. Bxe7 Rxe7 35. Rxd8+ Qxd8 36. Rd1 Rd7 37. Rxd7 Qxd7 38. Qc3 Qd1+ 39. Kh2 Qd4 40. Qxa5 Qxe4 41. Qa8+ Kg7 42. Qxb7+ Kh6 43. Qa7 Qd5 44. Qe7 Qd4 45. Qf8+ Kg5 46. b4 h5 47. g3 Qd2 48. h4+ Kg4 49. Kg2 1-0

[Event "EIWCC 2017"]
[Site "Riga"]
[Date "2017.04.11"]
[Round "1"]
[White "Vidruska, Renate"]
[Black "Charochkina, Daria"]
[Result "0-1"]
[ECO "B18"]
[WhiteElo "2093"]
[BlackElo "2381"]
[Annotator "NA"]
[PlyCount "58"]
[EventDate "2017.??.??"]
[EventType "swiss"]
[EventCountry "LAT"]
[SourceTitle "playchess.com"]
[Source "ChessBase"]
[SourceQuality "1"]
[TimeControl "40/5400+30:1800+30"]

1. e4 c6 2. d4 d5 3. Nc3 dxe4 4. Nxe4 Bf5 5. Ng3 Bg6 6. Bc4 e6 7. N1e2 Nf6 8. O-O Bd6 9. f4 Bf5 10. Bd3 g6 11. c3 Nbd7 12. Qc2 O-O 13. Ne4 Nxe4 14. Bxe4 Nf6 15. Ng3 Nxe4 16. Nxe4 c5 17. Qe2 cxd4 18. cxd4 Rc8 $15 19. Nf2 Qb6 20. Be3 Rc2 21. Qf3 Rxb2 22. d5 Bc5 23. Bxc5 Qxc5 24. dxe6 Bxe6 25. Rac1 Qb6 26. a4 Rd8 27. Rcd1 Rxd1 28. Rxd1 Bb3 29. a5 Bxd1 0-1

[Event "EIWCC 2017"]
[Site "Riga"]
[Date "2017.04.12"]
[Round "2"]
[White "Gaponenko, Inna"]
[Black "Movileanu, Daniela"]
[Result "1/2-1/2"]
[ECO "B35"]
[WhiteElo "2416"]
[BlackElo "2213"]
[Annotator "ChessBase"]
[PlyCount "87"]
[EventDate "2017.??.??"]
[EventType "swiss"]
[EventCountry "LAT"]
[SourceTitle "playchess.com"]
[Source "ChessBase"]
[SourceQuality "1"]
[TimeControl "40/5400+30:1800+30"]

1. e4 c5 2. Ne2 g6 3. d4 cxd4 4. Nxd4 Nc6 5. Nc3 Bg7 6. Be3 Nf6 7. Bc4 O-O 8. Bb3 a5 9. f3 d5 10. Bxd5 Nxd5 11. exd5 Nb4 12. Nde2 e6 13. O-O Nxd5 14. Nxd5 Qxd5 15. Qxd5 exd5 16. c3 Re8 17. Kf2 b5 18. Bd4 Bh6 19. g3 b4 20. Nf4 Bxf4 21. gxf4 Bf5 22. Rfe1 Re6 23. Rxe6 fxe6 24. cxb4 axb4 25. Rc1 h5 26. h4 Rxa2 27. Rc8+ Kf7 28. Rc7+ Ke8 29. Rb7 Ra1 30. Be5 b3 31. Rxb3 Kd7 32. Rb6 Rb1 33. b4 Rb3 34. b5 Bd3 35. Rb7+ Kc8 36. Rb8+ Kd7 37. Rb7+ Kc8 38. Rb8+ Kd7 39. b6 Ba6 40. Bd4 Rb4 41. Ke3 Rb3+ 42. Kf2 Rb4 43. Ke3 Rb3+ 44. Kf2 1/2-1/2

[Event "EIWCC 2017"]
[Site "Riga"]
[Date "2017.04.12"]
[Round "2"]
[White "Vega Gutierrez, Sabrina"]
[Black "Isgandarova, Khayala"]
[Result "0-1"]
[ECO "C13"]
[WhiteElo "2413"]
[BlackElo "2211"]
[Annotator "ChessBase"]
[PlyCount "86"]
[EventDate "2017.??.??"]
[EventType "swiss"]
[EventCountry "LAT"]
[SourceTitle "playchess.com"]
[Source "ChessBase"]
[SourceQuality "1"]
[TimeControl "40/5400+30:1800+30"]

1. e4 e6 2. d4 d5 3. Nc3 Nf6 4. Bg5 Be7 5. e5 Nfd7 6. h4 h6 7. Bxe7 Qxe7 8. Qg4 O-O 9. Nf3 c5 10. dxc5 Qxc5 11. Bd3 Nc6 12. Qg3 d4 13. Ne4 Qa5+ 14. Kf1 Ncxe5 15. Nxd4 Qd5 16. Nb5 Nxd3 17. Qxd3 Qxd3+ 18. cxd3 Rd8 19. f4 a6 20. Nbc3 e5 21. g3 exf4 22. gxf4 Nf8 23. Ke2 Bg4+ 24. Ke3 f5 25. Nf2 Re8+ 26. Kd2 Bh5 27. Nfd1 Ng6 28. Ne3 Nxf4 29. Raf1 Ne6 30. Rxf5 Bg6 31. Re5 Nf4 32. Rxe8+ Rxe8 33. Ncd5 Nxd3 34. Rg1 Ne5 35. Kc3 Kh7 36. Nf4 Nf3 37. Rxg6 Rxe3+ 38. Kc2 Re4 39. Rb6 Rxf4 40. Rxb7 Nxh4 41. Ra7 Rf6 42. b4 Nf5 43. a4 h5 0-1

[Event "EIWCC 2017"]
[Site "Riga"]
[Date "2017.04.12"]
[Round "2"]
[White "Melia, Salome"]
[Black "Paramzina, Anastasya"]
[Result "1-0"]
[ECO "B52"]
[WhiteElo "2400"]
[BlackElo "2202"]
[Annotator "ChessBase"]
[PlyCount "63"]
[EventDate "2017.??.??"]
[EventType "swiss"]
[EventCountry "LAT"]
[SourceTitle "playchess.com"]
[Source "ChessBase"]
[SourceQuality "1"]
[TimeControl "40/5400+30:1800+30"]

1. e4 c5 2. Nf3 d6 3. Bb5+ Bd7 4. Bxd7+ Qxd7 5. c4 Nc6 6. Nc3 g6 7. d4 cxd4 8. Nxd4 Bg7 9. Be3 Nf6 10. f3 O-O 11. O-O a6 12. a4 e6 13. Nxc6 Qxc6 14. Qd3 Nd7 15. b3 Ne5 16. Qd2 f5 17. exf5 gxf5 18. Rad1 Rad8 19. Kh1 Qe8 20. Bd4 Qh5 21. Qe2 Kf7 22. c5 Qh4 23. cxd6 Nxf3 24. Qxf3 Bxd4 25. Qxb7+ Kg8 26. Qe7 Qf6 27. Ne4 Qg6 28. d7 Be3 29. Rf3 Qf7 30. Rg3+ Kh8 31. Qxf7 Rxf7 32. Nd6 1-0

[Event "EIWCC 2017"]
[Site "Riga"]
[Date "2017.04.12"]
[Round "2"]
[White "Houska, Jovanka"]
[Black "Pavlidou, Ekaterini"]
[Result "1/2-1/2"]
[ECO "A48"]
[WhiteElo "2397"]
[BlackElo "2180"]
[Annotator "ChessBase"]
[PlyCount "131"]
[EventDate "2017.??.??"]
[EventType "swiss"]
[EventCountry "LAT"]
[SourceTitle "playchess.com"]
[Source "ChessBase"]
[SourceQuality "1"]
[TimeControl "40/5400+30:1800+30"]

1. d4 Nf6 2. Nf3 g6 3. c4 Bg7 4. g3 d5 5. cxd5 Nxd5 6. Bg2 Nb6 7. Nc3 O-O 8. O-O Nc6 9. e3 Re8 10. h3 e5 11. d5 Nb4 12. e4 c6 13. a3 Na6 14. Bg5 f6 15. Be3 Nc4 16. Bc1 cxd5 17. Nxd5 Be6 18. Qe2 Nd6 19. Rd1 Nc7 20. Be3 Nxd5 21. exd5 Bd7 22. b3 Rc8 23. Qe1 Bf5 24. Rdc1 Qd7 25. Kh2 Bf8 26. a4 Bc2 27. Nd2 b5 28. axb5 Nxb5 29. Ne4 Bxe4 30. Bxe4 Nd4 31. Rxc8 Rxc8 32. Bxd4 exd4 33. Qd2 Bc5 34. Rc1 Bb6 35. Rc6 Rxc6 36. dxc6 Qd6 37. Qd3 Kg7 38. h4 f5 39. Bf3 Qc5 40. Kg2 Kf6 41. Qd2 Kg7 42. h5 h6 43. hxg6 Kxg6 44. Qe2 Kf6 45. Qd2 Kg7 46. b4 Qd6 47. Qd3 Kf6 48. b5 Qe5 49. Qc4 Kg7 50. Bh5 Qe4+ 51. Kh2 Qe7 52. Qd5 Kf6 53. Qg8 Ke5 54. Qh8+ Kd5 55. Qxh6 Kc5 56. Qg6 Kxb5 57. Qxf5+ Kxc6 58. Bf3+ Kc7 59. g4 Qd6+ 60. Kg2 d3 61. Qf7+ Kd8 62. g5 d2 63. Bd1 Bd4 64. g6 Qf6 65. Qxf6+ Bxf6 66. Kf3 1/2-1/2

[Event "EIWCC 2017"]
[Site "Riga"]
[Date "2017.04.12"]
[Round "2"]
[White "Zimina, Olga"]
[Black "Khomeriki, Nino"]
[Result "1/2-1/2"]
[ECO "A09"]
[WhiteElo "2395"]
[BlackElo "2308"]
[Annotator "ChessBase"]
[PlyCount "95"]
[EventDate "2017.??.??"]
[EventType "swiss"]
[EventCountry "LAT"]
[SourceTitle "playchess.com"]
[Source "ChessBase"]
[SourceQuality "1"]
[TimeControl "40/5400+30:1800+30"]

1. Nf3 d5 2. c4 d4 3. g3 Nc6 4. Bg2 e5 5. d3 Nf6 6. O-O Bg4 7. h3 Bf5 8. a3 a5 9. Bg5 Be7 10. Nbd2 Nd7 11. Bxe7 Qxe7 12. Ne1 O-O 13. Nc2 a4 14. Re1 Qe6 15. Kh2 Qh6 16. Nb4 Ne7 17. Nd5 Nxd5 18. cxd5 Nf6 19. Nf3 Rfe8 20. Nh4 Bc8 21. Rc1 g5 22. Qd2 e4 23. dxe4 Nxe4 24. Bxe4 Rxe4 25. Rxc7 Bxh3 26. Nf3 Be6+ 27. Kg1 Bxd5 28. Qxg5+ Qxg5 29. Nxg5 Re5 30. f4 Re3 31. Kf2 h6 32. Nf3 Bxf3 33. exf3 Rb3 34. Re2 Rd8 35. f5 Rd6 36. Rd2 b5 37. g4 Kg7 38. Kg3 Kf6 39. Kf4 b4 40. Re2 Kg7 41. Ree7 Rf6 42. Red7 bxa3 43. bxa3 d3 44. Ra7 Rxa3 45. Ke4 d2 46. Rxd2 Rb6 47. Rd4 Rbb3 48. Raxa4 1/2-1/2

[Event "EIWCC 2017"]
[Site "Riga"]
[Date "2017.04.12"]
[Round "2"]
[White "Bulmaga, Irina"]
[Black "Utiatskaja, Irina"]
[Result "0-1"]
[ECO "B90"]
[WhiteElo "2394"]
[BlackElo "2152"]
[Annotator "ChessBase"]
[PlyCount "94"]
[EventDate "2017.??.??"]
[EventType "swiss"]
[EventCountry "LAT"]
[SourceTitle "playchess.com"]
[Source "ChessBase"]
[SourceQuality "1"]
[TimeControl "40/5400+30:1800+30"]

1. e4 c5 2. Nf3 d6 3. d4 cxd4 4. Nxd4 Nf6 5. Nc3 a6 6. a4 e6 7. Be3 Be7 8. Be2 O-O 9. Qd2 Nc6 10. O-O Qc7 11. f4 Bd7 12. Nb3 b6 13. Bf3 Rab8 14. g4 Bc8 15. g5 Nd7 16. Bg2 Re8 17. Rad1 Bf8 18. Rf3 Na5 19. Nxa5 bxa5 20. Bd4 Nb6 21. Qf2 e5 22. Bxb6 Qxb6 23. f5 Qxf2+ 24. Rxf2 Rxb2 25. Nd5 Bb7 26. f6 Bxd5 27. Rxd5 Rc8 28. Rxa5 d5 29. Bh3 Rc3 30. Kg2 Rcxc2 31. Rxc2 Rxc2+ 32. Kg3 dxe4 33. Rxa6 e3 34. Ra8 Rxh2 35. Kxh2 e2 36. a5 e1=Q 37. a6 Qf2+ 38. Bg2 gxf6 39. gxf6 h5 40. a7 Kh7 41. Rxf8 Qxa7 42. Ra8 Qd4 43. Ra2 Kg6 44. Re2 Kxf6 45. Re4 Qb2 46. Kg3 Kg5 47. Bf3 Qc3 0-1

[Event "EIWCC 2017"]
[Site "Riga"]
[Date "2017.04.12"]
[Round "2"]
[White "Ziaziulkina, Nastassia"]
[Black "De Seroux, Camille"]
[Result "1/2-1/2"]
[ECO "B63"]
[WhiteElo "2387"]
[BlackElo "2122"]
[Annotator "ChessBase"]
[PlyCount "107"]
[EventDate "2017.??.??"]
[EventType "swiss"]
[EventCountry "LAT"]
[SourceTitle "playchess.com"]
[Source "ChessBase"]
[SourceQuality "1"]
[TimeControl "40/5400+30:1800+30"]

1. e4 c5 2. Nf3 Nc6 3. d4 cxd4 4. Nxd4 Nf6 5. Nc3 d6 6. Bg5 e6 7. Qd2 Qb6 8. Bxf6 gxf6 9. Nb3 Bd7 10. Be2 h5 11. f4 O-O-O 12. Rf1 Na5 13. Nxa5 Qxa5 14. O-O-O Be7 15. Kb1 Kb8 16. f5 Rdg8 17. Bf3 Qe5 18. h4 Bc6 19. Qe2 Qg3 20. Rh1 Rh7 21. Qc4 Qe5 22. Nd5 Bxd5 23. exd5 Qxf5 24. dxe6 fxe6 25. Be4 Qg4 26. Rd4 Rc8 27. Qb5 Bf8 28. Ra4 f5 29. Bf3 Qg7 30. Qa5 a6 31. Rb4 d5 32. Rb3 Qc7 33. Qd2 Bg7 34. Re1 Qc6 35. Re2 Bh6 36. Qd4 Rhc7 37. Qf6 Bg7 38. Qxe6 Qxe6 39. Rxe6 Rxc2 40. a3 Rd2 41. Rg6 Be5 42. Bxh5 Bd4 43. Rd6 Rxg2 44. Rxd5 Rg1+ 45. Ka2 Rcc1 46. Rd3 Bf6 47. Rxf5 Bxh4 48. Bf3 Rg7 49. Rb3 Re7 50. Rf4 Be1 51. Rf6 Ka7 52. Rf8 Rc2 53. Re8 Rcc7 54. Rxe7 1/2-1/2

[Event "EIWCC 2017"]
[Site "Riga"]
[Date "2017.04.12"]
[Round "2"]
[White "Charochkina, Daria"]
[Black "Gvetadze, Sofio"]
[Result "1/2-1/2"]
[ECO "D35"]
[WhiteElo "2381"]
[BlackElo "2292"]
[Annotator "ChessBase"]
[PlyCount "117"]
[EventDate "2017.??.??"]
[EventType "swiss"]
[EventCountry "LAT"]
[SourceTitle "playchess.com"]
[Source "ChessBase"]
[SourceQuality "1"]
[TimeControl "40/5400+30:1800+30"]

1. c4 e6 2. Nc3 d5 3. d4 Nf6 4. cxd5 exd5 5. Bg5 Bb4 6. e3 c5 7. dxc5 Be6 8. Bb5+ Nc6 9. Qa4 O-O 10. Bxc6 Bxc3+ 11. bxc3 bxc6 12. Ne2 h6 13. Bxf6 Qxf6 14. O-O Qe7 15. Qa5 Bf5 16. Nd4 Be4 17. Nxc6 Qg5 18. f3 Qxe3+ 19. Kh1 Bd3 20. Rfe1 Qf2 21. Ne7+ Kh8 22. c6 Bc4 23. c7 Rfe8 24. Qa4 Kh7 25. Qd7 g6 26. Rg1 Bb5 27. Qxd5 Rxe7 28. Qxa8 Rxc7 29. Qd5 Bc4 30. Qd4 Qc2 31. Qf4 Rc5 32. Qe3 Rg5 33. Rac1 Qa4 34. Qd2 Rd5 35. Qc2 Qa6 36. Rgd1 Ra5 37. Ra1 Re5 38. Re1 Rh5 39. Qd2 Bd5 40. Qf4 Rf5 41. Qd4 Qc6 42. Re3 a6 43. h3 Be6 44. Rb1 Rd5 45. Qf6 Qd6 46. Rbe1 Rf5 47. Qd4 Rd5 48. Qa7 Kg8 49. R3e2 Rd3 50. c4 Bxc4 51. Re8+ Kh7 52. Qb7 Qf6 53. a4 Bd5 54. Qd7 Qxf3 55. Rh8+ Kg7 56. Rg8+ Kh7 57. Rh8+ Kg7 58. Rg8+ Kh7 59. Rh8+ 1/2-1/2

[Event "EIWCC 2017"]
[Site "Riga"]
[Date "2017.04.12"]
[Round "2"]
[White "Papp, Petra"]
[Black "Doluhanova, Evgeniya"]
[Result "1-0"]
[ECO "B30"]
[WhiteElo "2378"]
[BlackElo "2287"]
[Annotator "ChessBase"]
[PlyCount "107"]
[EventDate "2017.??.??"]
[EventType "swiss"]
[EventCountry "LAT"]
[SourceTitle "playchess.com"]
[Source "ChessBase"]
[SourceQuality "1"]
[TimeControl "40/5400+30:1800+30"]

1. e4 c5 2. Nf3 Nc6 3. Nc3 e5 4. Bc4 d6 5. d3 Be7 6. O-O Nf6 7. Ng5 O-O 8. f4 Bg4 9. Qe1 h6 10. Nf3 exf4 11. Bxf4 Nh5 12. Be3 Bf6 13. Rb1 Bxf3 14. Rxf3 Bd4 15. Kh1 Ne5 16. Rh3 Bxe3 17. Qxe3 Nf6 18. Rf1 Nxc4 19. dxc4 Re8 20. Rg3 Kf8 21. Rgf3 Re6 22. Nd5 Rxe4 23. Qc3 Rd4 24. Nxf6 gxf6 25. Qe3 Kg7 26. Qf2 Qd7 27. Rxf6 Rf8 28. h3 Qe7 29. Qf3 Re4 30. b3 Re6 31. Qg4+ Kh7 32. Qh4 Rxf6 33. Rxf6 Qe3 34. Rxd6 Re8 35. Rd7 Kg7 36. Qg4+ Kf8 37. Qf5 Re7 38. Rd8+ Kg7 39. Qg4+ Qg5 40. Qxg5+ hxg5 41. Rd5 Kg6 42. Rxc5 Re2 43. Rc7 Rxc2 44. a4 b6 45. Rxa7 Rb2 46. Ra6 Rxb3 47. c5 Kh5 48. cxb6 f5 49. a5 g4 50. hxg4+ fxg4 51. Kh2 Kh4 52. g3+ Kg5 53. Ra8 Rb5 54. a6 1-0

[Event "EIWCC 2017"]
[Site "Riga"]
[Date "2017.04.12"]
[Round "2"]
[White "Arakhamia-Grant, Ketevan"]
[Black "Travkina, Anastasia"]
[Result "1-0"]
[ECO "B52"]
[WhiteElo "2374"]
[BlackElo "2287"]
[Annotator "ChessBase"]
[PlyCount "107"]
[EventDate "2017.??.??"]
[EventType "swiss"]
[EventCountry "LAT"]
[SourceTitle "playchess.com"]
[Source "ChessBase"]
[SourceQuality "1"]
[TimeControl "40/5400+30:1800+30"]

1. e4 c5 2. Nf3 d6 3. Bb5+ Bd7 4. Bxd7+ Qxd7 5. O-O Nc6 6. c3 Nf6 7. Re1 e6 8. d4 cxd4 9. cxd4 d5 10. e5 Ne4 11. a3 Be7 12. Nbd2 Nxd2 13. Bxd2 O-O 14. Rc1 Rfc8 15. Rc3 Nd8 16. Rd3 Qb5 17. Bc3 Rc7 18. h4 h6 19. Nh2 Rac8 20. a4 Qa6 21. Ng4 Rc4 22. Rg3 Kf8 23. Ne3 Rxa4 24. Qg4 Ke8 25. Qxg7 Bxh4 26. Rf3 Be7 27. Ng4 Ra1 28. Rxa1 Qxa1+ 29. Kh2 Kd7 30. Nxh6 Qd1 31. Ng8 b6 32. Rh3 a5 33. Nxe7 Kxe7 34. Rh8 Kd7 35. Qf8 Kc6 36. Qe8+ Kc7 37. f3 Qc1 38. Qe7+ Kb8 39. Qd6+ Kb7 40. Qe7+ Kb8 41. Rxd8 Qh6+ 42. Kg3 Qg6+ 43. Kf2 Qc2+ 44. Ke3 Qc1+ 45. Ke2 Rxd8 46. Qxd8+ Kb7 47. Qd7+ Ka6 48. Qxf7 a4 49. Qxe6 Qc2+ 50. Ke3 Qxg2 51. Qxd5 Qg1+ 52. Kd2 Qf2+ 53. Kc1 Qf1+ 54. Kc2 1-0

[Event "EIWCC 2017"]
[Site "Riga"]
[Date "2017.04.12"]
[Round "2"]
[White "Osmanodja, Filiz"]
[Black "Chan, Naruna"]
[Result "0-1"]
[ECO "B30"]
[WhiteElo "2370"]
[BlackElo "1981"]
[Annotator "ChessBase"]
[PlyCount "80"]
[EventDate "2017.??.??"]
[EventType "swiss"]
[EventCountry "LAT"]
[SourceTitle "playchess.com"]
[Source "ChessBase"]
[SourceQuality "1"]
[TimeControl "40/5400+30:1800+30"]

1. e4 c5 2. Nf3 Nc6 3. Nc3 e5 4. Bc4 d6 5. d3 Be7 6. Nd2 Nf6 7. Nf1 Nd7 8. Ne3 Nb6 9. Ncd5 O-O 10. O-O Bg5 11. c3 Ne7 12. Nxb6 axb6 13. Qb3 Bd7 14. f4 exf4 15. Nd5 Nxd5 16. Bxd5 Ba4 17. Qc4 b5 18. Bxf7+ Rxf7 19. Qd5 b4 20. Bxf4 Bxf4 21. Rxf4 Qe7 22. cxb4 cxb4 23. Rxf7 Qxf7 24. Qxd6 Rf8 25. h3 Qf2+ 26. Kh2 Qxb2 27. Qe6+ Kh8 28. Rf1 Rg8 29. Rf5 h6 30. Rh5 Re8 31. Qf7 Bc6 32. Rc5 Qf6 33. Qh5 Rd8 34. Rf5 Qe6 35. e5 Rxd3 36. Qg4 Kh7 37. Rg5 Qxg4 38. Rxg4 Re3 39. Rxb4 Rxe5 40. Rb2 Ra5 0-1

[Event "EIWCC 2017"]
[Site "Riga"]
[Date "2017.04.12"]
[Round "2"]
[White "Badelka, Olga"]
[Black "Olde, Margareth"]
[Result "1-0"]
[ECO "D31"]
[WhiteElo "2362"]
[BlackElo "2110"]
[Annotator "ChessBase"]
[PlyCount "114"]
[EventDate "2017.??.??"]
[EventType "swiss"]
[EventCountry "LAT"]
[SourceTitle "playchess.com"]
[Source "ChessBase"]
[SourceQuality "1"]
[TimeControl "40/5400+30:1800+30"]

1. d4 d5 2. c4 e6 3. Nc3 Be7 4. cxd5 exd5 5. Bf4 c6 6. Qc2 Bd6 7. Bxd6 Qxd6 8. e3 Ne7 9. Bd3 b6 10. Nf3 Ba6 11. O-O-O Bxd3 12. Qxd3 Nd7 13. h4 a5 14. Kb1 b5 15. e4 O-O 16. e5 Qg6 17. Qxg6 Nxg6 18. a4 bxa4 19. Kc2 Rfb8 20. Ra1 Rb4 21. Rxa4 Nb6 22. Rxb4 axb4 23. Ne2 Nc4 24. Kb3 Ra5 25. h5 Nf8 26. Nf4 Rb5 27. Ra1 Na5+ 28. Kc2 h6 29. b3 Ne6 30. Nxe6 fxe6 31. Kb2 Kf7 32. g4 c5 33. dxc5 Rxc5 34. Nd4 Nc6 35. Nxc6 Rxc6 36. Rc1 Rxc1 37. Kxc1 g6 38. Kd2 gxh5 39. gxh5 Ke7 40. Kd3 Kd7 41. Kd4 Kc6 42. f4 Kb6 43. f5 exf5 44. Kxd5 Kc7 45. Kc5 Kd7 46. Kxb4 Ke6 47. Kc5 Kxe5 48. b4 f4 49. b5 f3 50. b6 f2 51. b7 f1=Q 52. b8=Q+ Ke4 53. Qe8+ Kf3 54. Qf8+ Ke2 55. Qxf1+ Kxf1 56. Kd4 Ke2 57. Ke4 Kd2 1-0

[Event "EIWCC 2017"]
[Site "Riga"]
[Date "2017.04.12"]
[Round "2"]
[White "Mammadova, Gulnar"]
[Black "Sinitsina, Anastassia"]
[Result "1-0"]
[ECO "B40"]
[WhiteElo "2357"]
[BlackElo "2052"]
[Annotator "ChessBase"]
[PlyCount "77"]
[EventDate "2017.??.??"]
[EventType "swiss"]
[EventCountry "LAT"]
[SourceTitle "playchess.com"]
[Source "ChessBase"]
[SourceQuality "1"]
[TimeControl "40/5400+30:1800+30"]

1. e4 c5 2. Nf3 e6 3. b3 a6 4. Bb2 Nc6 5. c4 Qc7 6. Nc3 Nf6 7. g3 Be7 8. Bg2 e5 9. O-O O-O 10. Rc1 d6 11. Nd5 Qd8 12. d3 Nxd5 13. cxd5 Nb8 14. b4 b6 15. bxc5 bxc5 16. Nd2 a5 17. f4 f6 18. Nc4 Qc7 19. Bc3 a4 20. Rb1 Nd7 21. Bh3 Kh8 22. Bf5 g6 23. Be6 Kg7 24. Rb2 Ra6 25. Rbf2 exf4 26. gxf4 Nb6 27. Ba5 Bxe6 28. dxe6 Rxa5 29. Nxa5 d5 30. exd5 Nxd5 31. Qxa4 Nb4 32. Qd7 Qxd7 33. exd7 Rd8 34. a3 Nxd3 35. Rd2 c4 36. Nxc4 Rxd7 37. Nb2 Bc5+ 38. Kh1 Ne5 39. Rc2 1-0

[Event "EIWCC 2017"]
[Site "Riga"]
[Date "2017.04.12"]
[Round "2"]
[White "Gara, Anita"]
[Black "Otikova, Elina"]
[Result "1-0"]
[ECO "C77"]
[WhiteElo "2354"]
[BlackElo "2049"]
[Annotator "RC"]
[PlyCount "43"]
[EventDate "2017.??.??"]
[EventType "swiss"]
[EventCountry "LAT"]
[SourceTitle "playchess.com"]
[Source "ChessBase"]
[SourceQuality "1"]
[TimeControl "40/5400+30:1800+30"]

1. e4 e5 2. Nf3 Nc6 3. Bb5 a6 4. Ba4 Nf6 5. Nc3 b5 6. Bb3 Bc5 7. d3 d6 8. Nd5 h6 9. c3 Bb7 10. Nxf6+ Qxf6 11. Bd5 O-O 12. g4 Kh7 13. g5 Qe7 14. gxh6 gxh6 15. Ng5+ Kh8 16. Qh5 Qf6 17. Nxf7+ Rxf7 18. Qxf7 Bxf2+ 19. Ke2 Qxf7 20. Bxf7 Kg7 21. Bd5 Bb6 22. Be3 1-0

[Event "EIWCC 2017"]
[Site "Riga"]
[Date "2017.04.12"]
[Round "2"]
[White "Antova, Gabriela"]
[Black "Kouvatsou, Maria"]
[Result "1-0"]
[ECO "A46"]
[WhiteElo "2335"]
[BlackElo "2016"]
[Annotator "RC"]
[PlyCount "115"]
[EventDate "2017.??.??"]
[EventType "swiss"]
[EventCountry "LAT"]
[SourceTitle "playchess.com"]
[Source "ChessBase"]
[SourceQuality "1"]
[TimeControl "40/5400+30:1800+30"]

1. d4 Nf6 2. Nf3 b5 3. e3 a6 4. Bd3 Bb7 5. O-O e6 6. b3 c5 7. c4 b4 8. Bb2 Be7 9. Nbd2 O-O 10. e4 cxd4 11. e5 Ne8 12. Nxd4 Nc6 13. N2f3 Qc7 14. Qe2 f5 15. exf6 Nxf6 16. h3 Qf4 17. Qd2 Qxd2 18. Nxd2 Bc5 19. N2f3 Rac8 20. Rfe1 Nxd4 21. Nxd4 Nh5 22. Be4 Bxe4 23. Rxe4 Nf4 24. Rd1 Rf7 25. Rd2 Rcf8 26. Kh2 d6 27. f3 e5 28. Ne2 a5 29. Nxf4 Rxf4 30. Rxf4 Rxf4 31. Rd5 e4 32. Kg3 Rf7 33. fxe4 a4 34. Bd4 axb3 35. axb3 Rf1 36. Bxc5 dxc5 37. Rd3 Rc1 38. Kf4 Kf7 39. Ke5 Rc3 40. Rf3+ Ke7 41. Kd5 Rc2 42. Rg3 g6 43. Kxc5 Rc3 44. Rf3 Rc2 45. Kxb4 Rxg2 46. Kc5 h5 47. b4 h4 48. Rf4 g5 49. Rf5 Ke6 50. b5 g4 51. hxg4 Rxg4 52. Kd4 h3 53. Rh5 Rg3 54. b6 Kd7 55. Rh6 Kc8 56. Rh7 Kb8 57. c5 Kc8 58. c6 1-0

[Event "EIWCC 2017"]
[Site "Riga"]
[Date "2017.04.12"]
[Round "2"]
[White "Ambartsumova, Karina"]
[Black "Hoolt, Sarah"]
[Result "0-1"]
[ECO "B32"]
[WhiteElo "2282"]
[BlackElo "2398"]
[Annotator "ChessBase"]
[PlyCount "74"]
[EventDate "2017.??.??"]
[EventType "swiss"]
[EventCountry "LAT"]
[SourceTitle "playchess.com"]
[Source "ChessBase"]
[SourceQuality "1"]
[TimeControl "40/5400+30:1800+30"]

1. e4 c5 2. Nf3 Nc6 3. d4 cxd4 4. Nxd4 Qb6 5. Nb3 Nf6 6. Nc3 e6 7. Be3 Qc7 8. f4 Bb4 9. Qd3 O-O 10. Be2 Bxc3+ 11. bxc3 b6 12. Nd4 Nxd4 13. Qxd4 Bb7 14. e5 Ne4 15. Bf3 d5 16. exd6 Nxd6 17. Bxb7 Nxb7 18. O-O Rac8 19. Bd2 Rfd8 20. Qe3 Nd6 21. Be1 Nf5 22. Qf2 Rd5 23. Qe2 h6 24. Rf3 Rcd8 25. h3 Qc5+ 26. Kh2 Qd6 27. Qe4 Qd7 28. a4 Nd6 29. Qb4 Qc7 30. Rd3 Nc4 31. Rf3 a5 32. Qb3 Rd1 33. Qa2 Qc6 34. Rxd1 Rxd1 35. Bf2 Nd2 36. Rd3 Nf1+ 37. Kg1 Ne3+ 0-1

[Event "EIWCC 2017"]
[Site "Riga"]
[Date "2017.04.12"]
[Round "2"]
[White "Stetsko, Lanita"]
[Black "Skripchenko, Almira"]
[Result "1/2-1/2"]
[ECO "C41"]
[WhiteElo "2226"]
[BlackElo "2420"]
[Annotator "TA"]
[PlyCount "50"]
[EventDate "2017.??.??"]
[EventType "swiss"]
[EventCountry "LAT"]
[SourceTitle "playchess.com"]
[Source "ChessBase"]
[SourceQuality "1"]
[TimeControl "40/5400+30:1800+30"]

1. e4 d6 2. d4 Nf6 3. Nc3 e5 4. Nf3 Nbd7 5. Bc4 Be7 6. O-O O-O 7. Re1 a6 8. a4 b6 9. Qe2 Bb7 10. Ba2 c6 11. dxe5 dxe5 12. Rd1 Qc7 13. Nh4 Bb4 14. Nf5 Bxc3 15. bxc3 Nc5 16. Ba3 Nfxe4 17. Qg4 g6 18. f3 Nf6 19. Qg5 Nd5 20. Bxc5 bxc5 21. Bxd5 cxd5 22. Nh6+ Kg7 23. Nf5+ Kg8 24. Ne7+ Kg7 25. Nf5+ Kg8 1/2-1/2

[Event "EIWCC 2017"]
[Site "Riga"]
[Date "2017.04.12"]
[Round "2"]
[White "Zherebtsova, Alexandra"]
[Black "Ovod, Evgenija"]
[Result "1-0"]
[ECO "A61"]
[WhiteElo "2222"]
[BlackElo "2382"]
[Annotator "ChessBase"]
[PlyCount "158"]
[EventDate "2017.??.??"]
[EventType "swiss"]
[EventCountry "LAT"]
[SourceTitle "playchess.com"]
[Source "ChessBase"]
[SourceQuality "1"]
[TimeControl "40/5400+30:1800+30"]

1. d4 Nf6 2. c4 c5 3. d5 e6 4. Nc3 exd5 5. cxd5 d6 6. Nf3 g6 7. Bf4 Bg7 8. h3 O-O 9. e3 Re8 10. Nd2 Bf8 11. Be2 Na6 12. Qb3 Nc7 13. a4 b6 14. O-O Ba6 15. Nb5 Bb7 16. Nxc7 Qxc7 17. Bf3 Ba6 18. Rfd1 Rab8 19. Qc2 Rb7 20. Rab1 Qb8 21. b3 b5 22. axb5 Bxb5 23. b4 cxb4 24. Rxb4 Rc8 25. Qa2 a6 26. Rdb1 Rcc7 27. Qa5 Qc8 28. Nb3 Bd3 29. Rb2 Nd7 30. Nd4 Rc5 31. Qa3 Rc3 32. R4b3 Rbxb3 33. Rxb3 Rxb3 34. Qxb3 Bc4 35. Qc3 Qc5 36. Nc6 Bg7 37. Qa5 Qxa5 38. Nxa5 Nb6 39. Nxc4 Nxc4 40. Be2 Ne5 41. Bxa6 f5 42. f3 Bf6 43. Kf2 h5 44. Ke2 Kf7 45. Bb5 Ke7 46. Bg3 Nf7 47. Be1 Be5 48. Bd2 Bf6 49. Kd3 Ne5+ 50. Kc2 Bh4 51. Kd1 Nf7 52. Ke2 Bf6 53. f4 Nh6 54. Bd3 Bb2 55. e4 fxe4 56. Bxe4 Kf6 57. Bb4 Nf7 58. Kf3 g5 59. g3 h4 60. gxh4 gxf4 61. Kxf4 Be5+ 62. Kf3 Kg7 63. Bd2 Nh6 64. h5 Ng8 65. Bf5 Nf6 66. h6+ Kh8 67. Be6 Kh7 68. Ke2 Kg6 69. Kd3 Nh5 70. Bg4 Nf6 71. Bf3 Kh7 72. Kc4 Kg6 73. Kb5 Kf7 74. Kc6 Kf8 75. Kc7 Kf7 76. Bg5 Kf8 77. Bxf6 Bxf6 78. Kxd6 Kg8 79. Ke6 Bg5 1-0